General information
- name: BNet
- type: Ladder team game (AT/RT)
- host: Battle.net
- saver: I_am_a_pee_man
map: Dragonblight
- players: 6
- length: 39:21
- speed: Fast
- version: 1.27 W3XP
- replay type:

» download(290 KB)
Players
team 1 (winner)
I_am_a_pee_man (
yellow | 117 APM | 4623 actions | 39:21)
5 Blademaster
2 Wind Walk
3 Critical Strike
» actions
| Assign group hotkey | 22 | |
| Basic commands | 2 | |
| Build / train | 75 | |
| Enter build submenu | 52 | |
| Enter hero's abilities submenu | 6 | |
| Give item / drop item | 4 | |
| Remove unit from queue | 1 | |
| Right click | 3363 | |
| Select / deselect | 461 | |
| Select group hotkey | 401 | |
| Use ability | 236 | |
4623 total
» units
| Peon | 14 | |
| Troll Batrider | 18 | |
| Blue Dragon | 1 | |
| Goblin Zeppelin | 1 | |
34 total
» upgrades
| Ranged Weapons | 4 | |
| Liquid Fire | 1 | |
| Armor | 1 | |
| Troll Regeneration | 1 | |
7 total
» buildings
| Altar of Storms | 1 | |
| Orc Burrow | 4 | |
| War Mill | 1 | |
| Voodoo Lounge | 3 | |
| Stronghold | 4 | |
| Beastiary | 2 | |
| Fortress | 1 | |
| Watch Tower | 44 | |
| Barracks | 1 | |
| Great Hall | 1 | |
62 total
» build order
00:09 Altar of Storms
00:31 Orc Burrow
00:49 War Mill
01:37 Voodoo Lounge
02:09 Voodoo Lounge
03:03 Stronghold
03:03 Stronghold
03:03 Stronghold
03:27 Orc Burrow
03:29 Orc Burrow
05:55 Beastiary
05:55 Beastiary
06:21 Fortress
06:25 Watch Tower
08:14 Voodoo Lounge
09:06 Watch Tower
09:07 Watch Tower
11:07 Watch Tower
11:08 Watch Tower
11:11 Orc Burrow
13:12 Watch Tower
13:13 Watch Tower
13:17 Watch Tower
13:18 Watch Tower
21:01 Watch Tower
21:02 Watch Tower
21:02 Watch Tower
21:03 Watch Tower
21:05 Watch Tower
21:05 Watch Tower
21:06 Watch Tower
21:07 Watch Tower
21:46 Barracks
31:06 Watch Tower
31:07 Watch Tower
31:07 Watch Tower
31:08 Watch Tower
31:08 Watch Tower
31:09 Watch Tower
31:14 Watch Tower
31:15 Watch Tower
32:02 Watch Tower
32:05 Watch Tower
32:06 Watch Tower
32:08 Watch Tower
32:10 Watch Tower
32:15 Watch Tower
33:09 Watch Tower
33:12 Watch Tower
33:22 Watch Tower
33:23 Watch Tower
33:27 Watch Tower
33:44 Great Hall
34:33 Watch Tower
34:34 Watch Tower
34:36 Watch Tower
36:50 Watch Tower
37:14 Watch Tower
37:46 Watch Tower
38:12 Watch Tower
39:03 Watch Tower
» items
| Healing Salve | 4 | |
| Lesser Clarity Potion | 6 | |
| Boots of Speed | 1 | |
| Staff of Teleportation | 4 | |
| Orb of Lightning | 1 | |
| Scroll of Town Portal | 1 | |
17 total
iggy_the_fisk (
purple | 109 APM | 4288 actions | 39:21)
5 Archmage
2 Blizzard
3 Brilliance Aura
2 Blood Mage
1 Flame Strike
1 Siphon Mana
2 Pit Lord
1 Rain of Fire
1 Cleaving Attack
» actions
| Assign group hotkey | 281 | |
| Basic commands | 38 | |
| Build / train | 114 | |
| Enter build submenu | 69 | |
| Enter hero's abilities submenu | 9 | |
| Give item / drop item | 15 | |
| Right click | 2042 | |
| Select / deselect | 432 | |
| Select group hotkey | 1050 | |
| Use ability | 237 | |
4288 total
» units
» upgrades
| Masonry | 4 | |
| Lumber Harvesting | 2 | |
| Magic Sentry | 1 | |
7 total
» buildings
| Altar of Kings | 1 | |
| Lumber Mill | 1 | |
| Farm | 7 | |
| Scout Tower | 86 | |
| Arcane Tower | 12 | |
| Guard Tower | 38 | |
| Arcane Vault | 2 | |
| Keep | 1 | |
| Castle | 1 | |
| Arcane Sanctum | 1 | |
| Town Hall | 2 | |
152 total
» build order
00:03 Altar of Kings
00:18 Lumber Mill
00:34 Farm
00:59 Farm
01:11 Scout Tower
01:14 Scout Tower
01:20 Scout Tower
01:47 Scout Tower
02:05 Arcane Tower
02:05 Arcane Tower
02:05 Arcane Tower
02:19 Arcane Tower
02:40 Arcane Tower
02:44 Scout Tower
02:46 Guard Tower
02:55 Scout Tower
03:03 Arcane Vault
03:20 Scout Tower
03:21 Guard Tower
04:12 Guard Tower
04:14 Scout Tower
04:15 Scout Tower
04:16 Arcane Vault
04:43 Guard Tower
04:47 Scout Tower
04:49 Guard Tower
04:50 Keep
05:10 Guard Tower
05:12 Scout Tower
05:12 Scout Tower
05:15 Scout Tower
05:15 Scout Tower
06:27 Guard Tower
07:01 Guard Tower
07:19 Scout Tower
07:19 Scout Tower
07:51 Castle
07:52 Arcane Sanctum
07:55 Farm
08:01 Guard Tower
08:02 Scout Tower
08:05 Scout Tower
08:08 Arcane Tower
08:09 Scout Tower
08:10 Scout Tower
08:11 Scout Tower
08:11 Scout Tower
08:24 Scout Tower
08:25 Scout Tower
09:04 Arcane Tower
09:08 Guard Tower
10:03 Guard Tower
10:08 Scout Tower
10:09 Scout Tower
10:12 Scout Tower
10:14 Guard Tower
10:50 Arcane Tower
10:52 Scout Tower
10:53 Scout Tower
11:04 Guard Tower
11:46 Guard Tower
11:48 Scout Tower
11:48 Scout Tower
12:14 Farm
12:15 Farm
13:00 Guard Tower
13:05 Scout Tower
13:08 Scout Tower
13:09 Scout Tower
13:11 Scout Tower
13:14 Scout Tower
13:16 Scout Tower
13:43 Guard Tower
13:46 Scout Tower
13:47 Scout Tower
13:47 Scout Tower
13:47 Scout Tower
14:29 Guard Tower
14:44 Guard Tower
15:09 Town Hall
15:10 Guard Tower
15:12 Scout Tower
15:14 Scout Tower
15:14 Scout Tower
15:15 Scout Tower
15:16 Scout Tower
15:17 Scout Tower
15:19 Scout Tower
15:20 Scout Tower
15:23 Farm
16:02 Guard Tower
16:08 Farm
18:02 Guard Tower
18:42 Scout Tower
19:11 Guard Tower
20:51 Scout Tower
20:54 Scout Tower
20:55 Scout Tower
20:56 Scout Tower
20:57 Scout Tower
21:25 Guard Tower
22:24 Guard Tower
22:26 Scout Tower
23:02 Town Hall
23:15 Guard Tower
23:18 Scout Tower
23:19 Scout Tower
23:19 Scout Tower
24:11 Guard Tower
24:55 Guard Tower
24:58 Scout Tower
25:29 Guard Tower
25:34 Scout Tower
25:34 Scout Tower
25:35 Scout Tower
25:35 Scout Tower
25:36 Scout Tower
25:36 Scout Tower
25:38 Scout Tower
25:41 Scout Tower
25:42 Scout Tower
26:12 Guard Tower
26:58 Guard Tower
27:21 Guard Tower
27:24 Scout Tower
27:25 Scout Tower
27:26 Scout Tower
27:26 Scout Tower
27:51 Guard Tower
27:54 Scout Tower
27:55 Scout Tower
27:56 Scout Tower
28:10 Guard Tower
28:13 Scout Tower
28:13 Scout Tower
28:27 Arcane Tower
29:16 Arcane Tower
29:17 Guard Tower
29:20 Guard Tower
29:31 Guard Tower
29:32 Scout Tower
29:33 Scout Tower
29:35 Scout Tower
29:35 Scout Tower
29:50 Scout Tower
29:53 Scout Tower
31:38 Guard Tower
31:42 Scout Tower
31:43 Scout Tower
33:28 Arcane Tower
33:28 Guard Tower
» items
| Boots of Speed | 3 | |
| Staff of Teleportation | 2 | |
| Healing Salve | 3 | |
| Orb of Lightning | 3 | |
| Staff of Sanctuary | 3 | |
| Mechanical Critter | 2 | |
| Scroll of Town Portal | 1 | |
| Scroll of Regeneration | 1 | |
| Lesser Clarity Potion | 1 | |
| Periapt of Vitality | 1 | |
20 total

»
lovetoosearch (
teal | 119 APM | 4687 actions | 39:21)
6 Archmage
3 Blizzard
2 Brilliance Aura
1 Summon Water Elemental
3 Mountain King
2 Storm Bolt
1 Bash
3 Paladin
2 Holy Light
1 Divine Shield
» actions
| Assign group hotkey | 22 | |
| Basic commands | 116 | |
| Build / train | 126 | |
| ESC pressed | 4 | |
| Enter build submenu | 61 | |
| Enter hero's abilities submenu | 13 | |
| Give item / drop item | 9 | |
| Right click | 1605 | |
| Select / deselect | 364 | |
| Select group hotkey | 2034 | |
| Use ability | 333 | |
4687 total
» units
» upgrades
| Masonry | 3 | |
| Lumber Harvesting | 2 | |
| Magic Sentry | 1 | |
| Priest Training | 2 | |
| Control Magic | 1 | |
| Sorceress Training | 1 | |
10 total
» buildings
| Altar of Kings | 3 | |
| Farm | 5 | |
| Lumber Mill | 1 | |
| Scout Tower | 94 | |
| Arcane Tower | 7 | |
| Guard Tower | 28 | |
| Arcane Vault | 1 | |
| Town Hall | 1 | |
| Keep | 1 | |
| Castle | 1 | |
| Arcane Sanctum | 1 | |
143 total
» build order
00:08 Altar of Kings
00:12 Farm
00:18 Lumber Mill
01:21 Scout Tower
01:23 Scout Tower
01:37 Farm
01:50 Arcane Tower
02:10 Arcane Tower
02:10 Arcane Tower
02:11 Arcane Tower
02:40 Scout Tower
03:00 Scout Tower
03:39 Guard Tower
03:41 Scout Tower
03:43 Scout Tower
04:09 Guard Tower
04:10 Scout Tower
04:10 Scout Tower
04:11 Scout Tower
04:25 Guard Tower
04:26 Guard Tower
04:28 Arcane Vault
04:40 Guard Tower
05:31 Guard Tower
05:33 Scout Tower
05:43 Farm
06:51 Town Hall
08:05 Keep
09:05 Farm
09:11 Guard Tower
09:13 Scout Tower
09:14 Scout Tower
09:15 Scout Tower
09:50 Scout Tower
09:50 Scout Tower
09:51 Scout Tower
09:52 Scout Tower
09:52 Scout Tower
09:53 Scout Tower
09:54 Scout Tower
09:55 Scout Tower
09:55 Scout Tower
09:56 Scout Tower
09:56 Scout Tower
10:06 Scout Tower
10:06 Scout Tower
10:06 Scout Tower
10:07 Scout Tower
10:08 Scout Tower
10:08 Scout Tower
10:09 Scout Tower
10:09 Scout Tower
10:10 Scout Tower
10:11 Scout Tower
10:12 Scout Tower
10:13 Scout Tower
10:13 Scout Tower
10:29 Castle
10:45 Guard Tower
10:46 Scout Tower
11:51 Arcane Sanctum
12:05 Guard Tower
13:05 Guard Tower
14:20 Guard Tower
14:59 Guard Tower
14:59 Guard Tower
15:10 Arcane Tower
15:21 Arcane Tower
15:46 Guard Tower
15:50 Scout Tower
15:51 Scout Tower
15:51 Scout Tower
15:52 Scout Tower
15:53 Scout Tower
15:53 Scout Tower
15:53 Scout Tower
15:54 Scout Tower
15:57 Scout Tower
15:57 Scout Tower
15:58 Scout Tower
15:59 Scout Tower
16:36 Guard Tower
18:03 Guard Tower
18:09 Scout Tower
18:10 Scout Tower
18:11 Scout Tower
18:11 Scout Tower
18:14 Scout Tower
18:15 Guard Tower
18:17 Scout Tower
18:17 Scout Tower
18:19 Scout Tower
18:20 Scout Tower
18:48 Guard Tower
19:02 Scout Tower
19:03 Scout Tower
19:03 Scout Tower
19:44 Scout Tower
19:44 Scout Tower
19:45 Scout Tower
19:47 Scout Tower
19:47 Scout Tower
19:47 Scout Tower
19:49 Guard Tower
20:25 Guard Tower
20:44 Guard Tower
20:55 Guard Tower
20:59 Scout Tower
21:00 Scout Tower
21:00 Scout Tower
21:01 Scout Tower
21:02 Scout Tower
21:07 Scout Tower
21:08 Scout Tower
21:09 Scout Tower
21:09 Guard Tower
22:10 Guard Tower
22:31 Guard Tower
22:57 Scout Tower
22:58 Scout Tower
22:59 Scout Tower
22:59 Scout Tower
23:00 Scout Tower
23:01 Scout Tower
23:01 Scout Tower
23:02 Scout Tower
23:02 Scout Tower
23:14 Guard Tower
23:42 Scout Tower
23:43 Scout Tower
23:43 Scout Tower
23:44 Scout Tower
23:44 Scout Tower
24:02 Guard Tower
24:49 Guard Tower
24:58 Altar of Kings
24:59 Altar of Kings
27:33 Farm
» items
| Scroll of Regeneration | 3 | |
| Potion of Healing | 4 | |
| Healing Salve | 2 | |
| Lesser Clarity Potion | 3 | |
| Staff of Teleportation | 4 | |
| Boots of Speed | 3 | |
| Staff of Sanctuary | 3 | |
| Orb of Lightning | 3 | |
| Periapt of Vitality | 1 | |
| Circlet of Nobility | 3 | |
| Tome of Retraining | 1 | |
| Potion of Invisibility | 1 | |
31 total
team 2 (loser)

»
amazingAce (
pink | 53 APM | 2081 actions | 38:54)
5 Lich
3 Frost Nova
2 Frost Armor
» actions
| Basic commands | 17 | |
| Build / train | 67 | |
| Enter build submenu | 24 | |
| Enter hero's abilities submenu | 5 | |
| Remove unit from queue | 1 | |
| Right click | 1485 | |
| Select / deselect | 413 | |
| Use ability | 69 | |
2081 total
» units
| Acolyte | 7 | |
| Ghoul | 4 | |
| Crypt Fiend | 18 | |
| Obsidian Statue | 4 | |
| Frost Wyrm | 6 | |
39 total
» upgrades
| Creature Attack | 3 | |
| Creature Carapace | 3 | |
| Web | 1 | |
| Burrow | 1 | |
| Freezing Breath | 1 | |
9 total
» buildings
| Crypt | 1 | |
| Ziggurat | 13 | |
| Graveyard | 1 | |
| Altar of Darkness | 1 | |
| Nerubian Tower | 2 | |
| Tomb of Relics | 1 | |
| Halls of the Dead | 1 | |
| Slaughterhouse | 1 | |
| Spirit Tower | 5 | |
| Black Citadel | 1 | |
| Sacrificial Pit | 1 | |
| Boneyard | 1 | |
| Necropolis | 1 | |
30 total
» build order
00:11 Crypt
00:14 Ziggurat
00:40 Graveyard
01:04 Altar of Darkness
01:27 Ziggurat
01:48 Nerubian Tower
02:02 Tomb of Relics
03:03 Ziggurat
04:13 Halls of the Dead
04:50 Ziggurat
06:37 Slaughterhouse
08:24 Ziggurat
08:27 Ziggurat
11:10 Spirit Tower
11:11 Spirit Tower
11:17 Ziggurat
11:20 Ziggurat
11:23 Spirit Tower
11:50 Black Citadel
12:54 Spirit Tower
13:00 Ziggurat
14:10 Ziggurat
14:13 Ziggurat
14:18 Sacrificial Pit
15:46 Nerubian Tower
15:48 Spirit Tower
19:06 Boneyard
35:38 Necropolis
35:41 Ziggurat
35:42 Ziggurat
» items
| Rod of Necromancy | 2 | |
| Dust of Appearance | 1 | |
3 total
ohhhhh (
red | 70 APM | 2755 actions | 39:20)
4 Death Knight
2 Death Coil
2 Unholy Aura
3 Lich
2 Frost Nova
1 Frost Armor
» actions
| Assign group hotkey | 25 | |
| Build / train | 87 | |
| Enter build submenu | 35 | |
| Enter hero's abilities submenu | 8 | |
| Give item / drop item | 5 | |
| Remove unit from queue | 10 | |
| Right click | 915 | |
| Select / deselect | 251 | |
| Select group hotkey | 1300 | |
| Use ability | 119 | |
2755 total
» units
| Acolyte | 10 | |
| Ghoul | 3 | |
| Crypt Fiend | 13 | |
| Obsidian Statue | 6 | |
| Meatwagon | 3 | |
| Gargoyle | -4 | |
31 total
» upgrades
| Web | 1 | |
| Destroyer Form | 1 | |
| Creature Attack | 1 | |
| Creature Carapace | 1 | |
| Unholy Strength | 2 | |
6 total
» buildings
| Graveyard | 2 | |
| Crypt | 2 | |
| Ziggurat | 17 | |
| Altar of Darkness | 2 | |
| Tomb of Relics | 1 | |
| Nerubian Tower | 4 | |
| Necropolis | 2 | |
| Spirit Tower | 6 | |
| Halls of the Dead | 2 | |
| Black Citadel | 3 | |
| Slaughterhouse | 2 | |
| Sacrificial Pit | 1 | |
44 total
» build order
00:19 Graveyard
00:24 Crypt
00:37 Ziggurat
01:05 Altar of Darkness
01:15 Ziggurat
02:00 Tomb of Relics
02:37 Nerubian Tower
04:33 Ziggurat
05:10 Necropolis
05:29 Spirit Tower
05:33 Ziggurat
05:37 Ziggurat
06:46 Halls of the Dead
07:00 Spirit Tower
07:00 Spirit Tower
08:11 Spirit Tower
09:18 Black Citadel
09:47 Slaughterhouse
09:50 Slaughterhouse
11:36 Ziggurat
13:30 Spirit Tower
13:34 Ziggurat
13:36 Ziggurat
23:00 Ziggurat
23:03 Ziggurat
23:07 Nerubian Tower
23:31 Necropolis
24:58 Ziggurat
25:00 Ziggurat
25:02 Ziggurat
25:05 Ziggurat
25:07 Halls of the Dead
27:20 Ziggurat
27:22 Ziggurat
27:25 Ziggurat
27:59 Crypt
28:04 Graveyard
28:43 Nerubian Tower
28:43 Nerubian Tower
30:24 Altar of Darkness
31:32 Black Citadel
31:32 Black Citadel
37:56 Sacrificial Pit
» items
| Rod of Necromancy | 3 | |
| Sacrificial Skull | 1 | |
| Healing Salve | 2 | |
| Potion of Lesser Invulnerability | 1 | |
| Scroll of Protection | 1 | |
| Orb of Corruption | 1 | |
| Potion of Healing | 1 | |
| Potion of Mana | 1 | |
| Lesser Clarity Potion | 3 | |
| Scroll of Town Portal | 1 | |
15 total
thankmelater (
orange | 60 APM | 2335 actions | 38:58)
3 Blademaster
1 Wind Walk
2 Critical Strike
3 Shadow Hunter
2 Hex
1 Healing Wave
» actions
| Assign group hotkey | 34 | |
| Basic commands | 22 | |
| Build / train | 119 | |
| Enter build submenu | 37 | |
| Enter hero's abilities submenu | 6 | |
| Remove unit from queue | 1 | |
| Right click | 1148 | |
| Select / deselect | 335 | |
| Select group hotkey | 506 | |
| Use ability | 127 | |
2335 total
» units
| Peon | 22 | |
| Grunt | 4 | |
| Tauren | 11 | |
| Shaman | 7 | |
| Troll Batrider | 39 | |
83 total
» upgrades
| Berserker Strength | 1 | |
| Shaman Training | 2 | |
| Pulverize | 1 | |
| Armor | 1 | |
| Liquid Fire | 1 | |
| Reinforced Defenses | 1 | |
7 total
» buildings
| Altar of Storms | 1 | |
| Orc Burrow | 9 | |
| Barracks | 1 | |
| Voodoo Lounge | 2 | |
| Stronghold | 2 | |
| War Mill | 1 | |
| Fortress | 2 | |
| Spirit Lodge | 2 | |
| Tauren Totem | 1 | |
| Watch Tower | 13 | |
| Beastiary | 1 | |
| Great Hall | 2 | |
37 total
» build order
00:07 Altar of Storms
00:12 Orc Burrow
00:16 Orc Burrow
00:32 Barracks
01:52 Orc Burrow
02:06 Voodoo Lounge
03:04 Stronghold
03:04 Stronghold
03:14 War Mill
04:29 Orc Burrow
05:37 Fortress
05:38 Fortress
06:02 Spirit Lodge
06:06 Spirit Lodge
08:12 Tauren Totem
08:19 Orc Burrow
09:18 Watch Tower
09:21 Watch Tower
09:27 Watch Tower
10:35 Watch Tower
11:32 Orc Burrow
11:59 Orc Burrow
12:10 Watch Tower
13:16 Orc Burrow
14:12 Beastiary
14:49 Great Hall
18:46 Voodoo Lounge
21:04 Watch Tower
21:21 Orc Burrow
22:57 Great Hall
23:56 Watch Tower
23:59 Watch Tower
24:08 Watch Tower
24:14 Watch Tower
26:36 Watch Tower
27:45 Watch Tower
27:49 Watch Tower
» items
| Healing Salve | 7 | |
| Boots of Speed | 1 | |
| Dust of Appearance | 3 | |
| Orb of Lightning | 1 | |
| Potion of Healing | 1 | |
13 total
Chat log
(03:35 / All) iggy_the_fisk: stop undead noon
(03:36 / All) iggy_the_fisk: why bother
(03:43 / All) iggy_the_fisk: whats' the point
(03:49 / All) iggy_the_fisk: retarde
(03:55 / All) iggy_the_fisk: NICE COIL
(04:00 / All) iggy_the_fisk: buttbot
(04:04 / All) ohhhhh: llol
(04:09 / All) iggy_the_fisk: just quit
(05:27 / All) ohhhhh: hmmm
(07:12 / All) ohhhhh: play td?
(07:30 / All) iggy_the_fisk: play... lose defense??
(07:34 / All) iggy_the_fisk: what game type can you win?
(07:43 / All) iggy_the_fisk: Idiot battle Naruto Edition?
(12:41 / All) thankmelater: mass bats incoming ? sweet
(12:50 / All) I_am_a_pee_man: :-}
(21:11 / All) lovetoosearch: what kind of idiot moron noob lag...
(21:13 / All) I_am_a_pee_man: are you "Pulling Plug"?
(21:21 / All) lovetoosearch: what is this...internet 2004....bad lag = BAD BOY
(23:29 / All) iggy_the_fisk: orange
(23:32 / All) iggy_the_fisk: thats embarrasing
(23:33 / All) iggy_the_fisk: stop it
(23:38 / All) iggy_the_fisk: you are making a fool out of yourself
(23:41 / All) iggy_the_fisk: just uninstall the game
(26:49 / All) iggy_the_fisk: red
(26:50 / All) iggy_the_fisk: IDIOT
(26:52 / All) iggy_the_fisk: leave the game
(27:05 / All) lovetoosearch: ALL BAD BOYS HAVE TO MUST QUIT!!!
(27:10 / All) lovetoosearch: ohhhhhhhh u just DROPE!
(28:30 / All) I_am_a_pee_man: i thought you knew i made bats
(28:35 / All) thankmelater: i knew
(28:37 / All) thankmelater: base lame
(28:38 / All) I_am_a_pee_man: did red?
(28:46 / All) thankmelater: 400 towers sure u go bats
(28:46 / All) iggy_the_fisk: maybe you thought he would use them like you did
(28:50 / All) thankmelater: ft feed by hu
(28:52 / All) iggy_the_fisk: send 3 into towers like the worlds dumbest idiot
(28:53 / All) lovetoosearch: i dont make a unit!!
(28:56 / All) lovetoosearch: i make a worker!!
(29:05 / All) iggy_the_fisk: "thankmelater", dumbest man in the world, come everyone and see
(29:11 / All) iggy_the_fisk: come watch him lose a game to towers
(29:13 / All) iggy_the_fisk: that don't even move
(30:43 / All) thankmelater: nice mh hahahah
(30:45 / All) I_am_a_pee_man: ??
(30:48 / All) I_am_a_pee_man: who mh
(31:09 / All) iggy_the_fisk: NICE ALTAR RED
(31:10 / All) iggy_the_fisk: IDIOT!!!
(31:19 / All) iggy_the_fisk: how many are you going to make this game?
(31:21 / All) lovetoosearch: idiots must always quit!! this is a rulE!!
(31:22 / All) ohhhhh: ähm fuck u?
(31:22 / All) iggy_the_fisk: DUMB DUMB DUMB
(33:11 / All) iggy_the_fisk: "Nice play"
(33:12 / All) iggy_the_fisk: "red"
(33:16 / All) iggy_the_fisk: (sarcasm LOL)
(33:17 / All) ohhhhh: fu
(33:25 / All) ohhhhh: u are the best ok?
(33:31 / All) iggy_the_fisk: No
(33:32 / All) ohhhhh: fuck u with ure towers
(33:35 / All) iggy_the_fisk: I don't even play this game
(33:42 / All) iggy_the_fisk: we win maybe 1 game a week
(33:46 / All) iggy_the_fisk: Only against the BIGGEST IDIOTS
(33:50 / All) ohhhhh: ok
(33:54 / All) iggy_the_fisk: LOL ORANGE MORE BATS
(33:59 / All) iggy_the_fisk: HOW DUMB ARE YOU
(34:16 / All) iggy_the_fisk: I lose 90% of games
(34:25 / All) iggy_the_fisk: My record: 4-34
(34:31 / All) iggy_the_fisk: but every once in a while
(34:34 / All) ohhhhh: lol
(34:35 / All) iggy_the_fisk: someone is so dumber than a dogs bone
(34:36 / All) lovetoosearch: u ever did a /stats iggy_the_fisk
(34:38 / All) iggy_the_fisk: that they lose to me
(34:40 / All) ohhhhh: u have real live
(34:42 / All) iggy_the_fisk: that is you
(34:47 / All) iggy_the_fisk: you red
(34:50 / All) iggy_the_fisk: you are the dogs bone
(34:52 / All) iggy_the_fisk: THAT DUMB
(35:09 / All) iggy_the_fisk: good use of bats
(35:24 / All) ohhhhh: small dig??
(35:43 / All) lovetoosearch: scotty move ur bats
(35:43 / All) ohhhhh: make some towers
(35:48 / All) lovetoosearch: huh what bats
(35:48 / All) ohhhhh: and feel fine
(35:52 / All) lovetoosearch: i didnt make bats!!!
(36:00 / All) lovetoosearch: oh those bats i lose to blad.e.... LOLL!
(36:05 / All) thankmelater: dat mh noob
(36:08 / All) thankmelater: i like that
(36:11 / All) I_am_a_pee_man: ??
(36:14 / All) I_am_a_pee_man: you think i maphack?
(36:16 / All) thankmelater: u need mh ?
(36:21 / All) iggy_the_fisk: nope
(36:22 / All) thankmelater: i dont think i saw it
(36:25 / All) iggy_the_fisk: twitch.tv/iggyfisk
(36:27 / All) I_am_a_pee_man: what did you see exactly?
(36:28 / All) ohhhhh: someone hack ure life
(36:31 / All) iggy_the_fisk: youtube.com/highperch
(36:37 / All) iggy_the_fisk: no hacks, all own
(36:39 / All) I_am_a_pee_man: tell me what you saw?
(36:46 / All) lovetoosearch: twitch.tv/timg4strok <---- alternate view
(36:51 / All) iggy_the_fisk: 1. The dumbest guy in the world
(36:58 / All) iggy_the_fisk: 2. the worst controlled bats in all of northrend
(37:06 / All) iggy_the_fisk: 3. The most predictable positioning of said bats
(37:15 / All) iggy_the_fisk: Add them up what do you get??
(37:19 / All) iggy_the_fisk: 6 you idiot
(37:22 / All) thankmelater: 1v1 ? if im so bad ?
(37:37 / All) iggy_the_fisk: the bats come back THE EXACT SAME ROUTE
(37:40 / All) ohhhhh: booooooooooom hahhahahahha
(38:20 / All) ohhhhh: 1on1 BOOOOOOOOOOOOOOOOOOM hahahhahahha
(38:25 / All) iggy_the_fisk: 1v1+
(38:26 / All) iggy_the_fisk: right now?
(38:29 / All) ohhhhh: in td?
(38:31 / All) thankmelater: he doesnt want 1v1 haha
(38:35 / All) iggy_the_fisk: 1v1
(38:36 / All) ohhhhh: hahahaha
(38:37 / All) iggy_the_fisk: right now
(38:49 / All) ohhhhh: ok leave idiot hahahahaha
(38:51 / All) amazingAce: bb gg
(38:53 / All) iggy_the_fisk: we won
(38:55 / All) I_am_a_pee_man: https://highper.ch
(38:56 / All) iggy_the_fisk: you lose
(38:58 / All) iggy_the_fisk: then we 1v1
(39:03 / All) lovetoosearch: ohhhhhhhhh
(39:05 / All) iggy_the_fisk: idiot red...
(39:06 / All) ohhhhh: channel?
(39:07 / All) I_am_a_pee_man: lljk
(39:09 / All) I_am_a_pee_man: LLJK
(39:14 / All) I_am_a_pee_man: CHANNEL LLJK
(39:15 / All) iggy_the_fisk: channel LLJK dumbdog
(39:17 / All) lovetoosearch: channel MeABigFatNoob